 Dungeon Crawl Stone Soup version 0.32-a0-40-g2adb59ae06 (webtiles) character file.

Game seed: 2421049655117210345

1936 lunkers the Basher (level 9, -2/86 (92) HPs)
             Began as an Oni Gladiator on Jan 24, 2024.
             Was a Priest of Okawaru.
             Slain by an unseen horror (6 damage)
             ... on level 7 of the Dungeon.
             The game lasted 00:11:58 (5382 turns).

lunkers the Basher (Oni Gladiator)                  Turns: 5382, Time: 00:11:59

HP:   -2/86 (92)    AC:  6    Str: 24    XL:     9   Next: 17%
MP:   13/13         EV: 10    Int:  5    God:    Okawaru [***...]
Gold: 535           SH:  0    Dex: 10    Spells: 8/8 levels left

rFire   . . .        a - +4 dire flail
rCold   . . .        (shield currently unavailable)
rNeg    + . .        j - +2 robe of the Gusle {rN+ Regen+ Int-4 Archmagi}
rPois   .            c - +1 hat
rElec   .            (no cloak)
rCorr   +            (gloves unavailable)
SInv    .            (boots unavailable)
Will    .....        (no amulet)
Stlth   +            x - ring of resist corrosion
HPRegen 1.14/turn    (no ring)
MPRegen 0.13/turn

%: archmagi
@: drained
A: large, unfitting armour, horns 1, tough skin 1, double potion healing,
drunken brawling
a: Renounce Religion, Heroism


You were on level 7 of the Dungeon.
You worshipped Okawaru.
Okawaru was most pleased with you.
You visited 2 branches of the dungeon, and saw 8 of its levels.

You collected 535 gold pieces.

Inventory:

Hand Weapons
 a - a +4 dire flail (weapon)
 z - a +0 whip of distortion
 B - a +4 great sword
 C - a +4 trident
 F - a +0 flail
 G - a +4 war axe
 I - a +3 flail
Missiles
 d - 4 throwing nets
 e - a large rock
 g - 2 boomerangs
 k - 6 curare-tipped darts
 r - 2 atropa-tipped darts
 t - 19 stones
 A - 11 poisoned darts
Armour
 b - a +0 robe
 c - a +1 hat (worn)
 j - the +2 robe of the Gusle (worn) {rN+ Regen+ Int-4 Archmagi}
   (You found it on level 2 of the Dungeon)

   Int-4:     It affects your intelligence (-4).
   rN+:       It protects you from negative energy.
   Regen+:    It increases your rate of health regeneration.
   Archmagi:  It increases the power of your magical spells.
 H - a +0 robe of willpower
Jewellery
 x - a ring of resist corrosion (left hand)
Scrolls
 n - 2 scrolls of immolation {unknown}
 o - 2 scrolls of teleportation {unknown}
 p - 5 scrolls of identify {unknown}
 s - a scroll of vulnerability {unknown}
 v - a scroll of poison {unknown}
 w - a scroll of fear {unknown}
 y - 3 scrolls of revelation {unknown}
 E - a scroll of enchant armour
Potions
 f - a potion of heal wounds {unknown}
 h - 2 potions of brilliance {unknown}
 i - 2 potions of ambrosia {unknown}
 l - 2 potions of curing {unknown}
 m - 2 potions of haste {unknown}
 q - a potion of mutation {unknown}
 u - 2 potions of lignification {unknown}
 D - a potion of magic {unknown}


   Skills:
 + Level 6.5 Fighting
 - Level 10.0 Maces & Flails
 - Level 2.0 Throwing
 - Level 2.6 Dodging
 - Level 6.0 Invocations


You had 8 spell levels left.
You didn't know any spells.
Your spell library contained the following spells:

 Spells                   Type           Power      Damage    Failure   Level
 Apportation              Tloc           0%         N/A       47%         1
 Kiss of Death            Conj/Necr      0%         2d5       47%         1
 Necrotise                Necr           0%         1d4       47%         1
 Sting                    Conj/Alch      0%         1d3       47%         1
 Cigotuvi's Dreadful Rot  Necr/Alch/Air  0%         N/A       63%         2
 Ensorcelled Hibernation  Hex/Ice        0%         N/A       63%         2
 Mercury Vapours          Alch/Air       0%         N/A       63%         2
 Confusing Touch          Hex            0%         N/A       85%         3
 Frozen Ramparts          Ice            0%         1d1       85%         3
 Hailstorm                Conj/Ice       0%         3d5       85%         3
 Mephitic Cloud           Conj/Alch/Air  0%         N/A       85%         3
 Passwall                 Erth           0%         N/A       85%         3
 Swiftness                Air            0%         N/A       85%         3
 Dispel Undead            Necr           0%         3d6       99%         4
 Leda's Liquefaction      Alch/Erth      0%         N/A       99%         4
 Petrify                  Alch/Erth      0%         N/A       99%         4
 Freezing Cloud           Conj/Ice/Air   0%         6-21      100%        5
 Metabolic Englaciation   Hex/Ice        0%         N/A       100%        5
 Summon Small Mammal      Summ           Unusable   N/A       N/A         1
 Summon Ice Beast         Ice/Summ       Unusable   N/A       N/A         3
 Martyr's Knell           Necr/Summ      Unusable   N/A       N/A         4
 Death Channel            Necr           Unusable   N/A       N/A         6
 Sculpt Simulacrum        Ice/Alch       Unusable   N/A       N/A         6

Dungeon Overview and Level Annotations

Branches:
Dungeon (7/15)             Temple (1/1) D:4

Altars:
Cheibriados
Dithmenos
Elyvilon
Fedhas
Gozag
Hepliaklqana
Kikubaaqudgha
Makhleb
Nemelex Xobeh
Okawaru
Qazlal
Ru
Sif Muna
Trog
Vehumet
Wu Jian
Yredelemnul
Zin
The Shining One

Shops:
D:2 :   D:3 =   D:4 [


Innate Abilities, Weirdness & Mutations

You are too large for most types of armour.
You have a pair of small horns on your head.
You have tough skin. (AC +1)
You gain doubled healing and magic from potions.
Whenever you drink a healing potion, you attack all around you.


Message History

* * * LOW HITPOINT WARNING * * *
Things that are here:
a +4 halberd; a +0 robe Unknown command.
Things that are here:
a +3 flail; a +1 robe of positive energy
Things that are here:
a +3 flail; a +1 robe of positive energy
I - a +3 flail Something hits you but does no damage.
Something hits you.
* * * LOW HITPOINT WARNING * * *
You bludgeon something!! Something hits you but does no damage.
Something hits you but does no damage. Something hits you but does no damage.
Things that are here:
a +4 dagger; a +0 robe Unknown command.
Something hits you.
* * * LOW HITPOINT WARNING * * *
Something hits you!
* * * LOW HITPOINT WARNING * * *
You see here 15 gold pieces.
Something hits you but does no damage. Something hits you!
* * * LOW HITPOINT WARNING * * *
Things that are here:
a +4 dagger; a +0 robe You miss something.
Something hits you.
* * * LOW HITPOINT WARNING * * *
Something hits you!
* * * LOW HITPOINT WARNING * * *
You barely miss something. Something hits you but does no damage.
Unknown command.
You swing at nothing.
Something hits you.
* * * LOW HITPOINT WARNING * * *
You swing at nothing.
Something hits you!
* * * LOW HITPOINT WARNING * * *
Something hits you.
You die...

#...###.. ##...#
#..# ..
#....####.. ...
###..)......##
....#
###....###.....
......##.#....##
...##
#....)[#.#...#
...#
###......#.#.#
.##
#....#..@...# ##
##.###..##.$# #.
#####.## ## ###


There were no monsters in sight!

Vanquished Creatures
  Grinder (D:5)
  Pargi (D:3)
  2 ice beasts (D:6)
  A black bear (D:5)
  A kobold brigand (D:6)
  2 scorpions
  14 wights
  2 bombardier beetles
  5 iguanas
  2 orc priests (D:4)
  A hound (D:6)
  An orc wizard (D:4)
  A gnoll (D:4)
  4 adders
  6 dart slugs
  2 ribbon worms
  8 orcs
  6 ball pythons
  12 endoplasms
  4 giant cockroaches
  8 goblins
  4 hobgoblins
  4 jackals (D:2)
  3 quokkas
  9 bats
  15 frilled lizards
  15 kobolds
  3 rats
  A spectral hobgoblin (D:6)
138 creatures vanquished.

Notes
Turn   | Place    | Note
-------+----------+-------------------------------------------
     0 | D:1      | lunkers the Oni Gladiator began the quest for the Orb.
     0 | D:1      | Reached XP level 1. HP: 22/22 MP: 1/1
    59 | D:1      | You fall into a shaft and drop 1 floor!
   391 | D:2      | Reached XP level 2. HP: 21/29 MP: 2/2
   494 | D:2      | Identified the +2 robe of the Gusle {rN+ Regen+ Int-4
                  | Archmagi}
   552 | D:2      | Identified the +2 ring mail of Inaction {Rampage MP+9
                  | Dex-4}
   653 | D:2      | Reached skill level 4 in Maces & Flails
   681 | D:2      | Found a faded altar of an unknown god.
   817 | D:2      | Found Feoce's Book Shop.
  1064 | D:1      | Reached XP level 3. HP: 36/36 MP: 3/3
  1622 | D:1      | Reached XP level 4. HP: 40/44 MP: 4/4
  1729 | D:3      | Found Relemado's Jewellery Emporium.
  1762 | D:3      | Noticed Pargi
  1770 | D:3      | Killed Pargi
  1771 | D:3      | Reached skill level 6 in Maces & Flails
  1771 | D:3      | Reached XP level 5. HP: 42/50 MP: 5/5
  1865 | D:3      | Found a snail-covered altar of Cheibriados.
  2306 | D:4      | Found a staircase to the Ecumenical Temple.
  2315 | Temple   | Entered the Ecumenical Temple
  2335 | Temple   | Became a worshipper of Warmaster Okawaru
  2581 | D:4      | Found a shimmering blue altar of Sif Muna.
  2606 | D:4      | Found Ycoassil's Armour Emporium.
  2818 | D:4      | Reached XP level 6. HP: 59/59 MP: 6/6
  3011 | D:4      | Reached skill level 7 in Maces & Flails
  3208 | D:5      | Entered Level 5 of the Dungeon
  3226 | D:5      | Noticed Grinder
  3236 | D:5      | Killed Grinder
  3236 | D:5      | Reached * piety under Okawaru
  3237 | D:5      | Reached skill level 8 in Maces & Flails
  3237 | D:5      | Reached XP level 7. HP: 56/66 MP: 7/7
  3522 | D:5      | Found a basalt altar of Yredelemnul.
  3522 | D:5      | Found a blossoming altar of Fedhas.
  3636 | D:5      | Reached skill level 9 in Maces & Flails
  3636 | D:5      | Reached skill level 1 in Invocations
  4302 | D:6      | Found a stormy altar of Qazlal.
  4342 | D:6      | Reached XP level 8. HP: 61/74 MP: 9/9
  4400 | D:6      | Upgraded the game from 0.32-a0-38-gb04dd89b9b to
                  | 0.32-a0-40-g2adb59ae06
  4468 | D:6      | Found an opulent altar of Gozag.
  4623 | D:6      | Reached ** piety under Okawaru
  4844 | D:6      | Reached skill level 10 in Maces & Flails
  5032 | D:6      | Found a hazy altar of Hepliaklqana.
  5109 | D:7      | Reached skill level 5 in Invocations
  5190 | D:7      | Reached XP level 9. HP: 71/84 MP: 13/13
  5252 | D:7      | Reached skill level 5 in Fighting
  5275 | D:7      | Found a burning altar of Makhleb.
  5353 | D:7      | Reached *** piety under Okawaru
  5381 | D:7      | HP: 3/86 [something (7)]
  5382 | D:7      | Slain by an unseen horror

Illustrated notes

Levels and vault maps discovered:
D:1:      psy_arrival_fountain, layout_rooms, minmay_quantized
D:2:      layout_basic, shapermc_ecumenical_altar_acropolis, serial_shops,
          nicolae_shop_pleasant_corner_grove
D:3:      layout_basic, chei_slow_surprise, serial_shops, shop, uniq_pargi
D:4:      layout_basic, nicolae_sif_muna_little_library,
          minmay_temple_entry_ruins, serial_shops, shop, minmay_vboxes
D:5:      layout_loops_corners, nicolae_overflow_two_pavilions,
          minmay_lizard_king, uniq_grinder
D:6:      cheibrodos_thug_alley, layout_cave_pools,
          nicolae_hepliaklqana_monster_ancestors,
          nicolae_gozag_cash_rules_everything_around_me, grunt_qazlal_sundering
D:7:      layout_cave_pools, overflow_temple_1_default
Temple:   bh_familiar_temple

Skill      XL: |  1  2  3  4  5  6  7  8  9 |
---------------+----------------------------+-----
Maces & Flails | 4 6 8 9 10 | 10.0
Invocations    | 2 5 6 |  6.0
Fighting       | 4 6 |  6.5
Throwing       | |  2.0
Dodging        | |  2.6

Action                     |  1- 3 |  4- 6 |  7- 9 || total
---------------------------+-------+-------+-------++-------
  Melee: Flail             |   106 |   137 |   176 ||   419
         Headbutt          |    17 |    19 |    44 ||    80
         Punch             |     2 |     2 |     2 ||     6
         War axe           |       |       |    11 ||    11
         Dire flail        |       |       |    26 ||    26
    Use: Scroll            |       |       |     2 ||     2
   Stab: Sleeping          |     2 |     2 |       ||     4
 Armour: Robe              |    65 |   103 |   154 ||   322
  Dodge: Dodged            |    49 |    75 |    89 ||   213

Table legend: (Time is in decaauts)
 A = Elapsed time spent in this place.
 B = Non-inter-level travel time spent in this place.
 C = Inter-level travel time spent in this place.
 D = Time resting spent in this place.
 E = Time spent auto-exploring this place.
 F = Levels seen in this place.
 G = Mean time per level.
                   A        B        C        D        E       F      G
               +--------+--------+--------+--------+--------+-----+--------+
         Total |   5399 |   5103 |    296 |      0 |   4090 |   8 |  674.9 |
       Dungeon |   5359 |   5101 |    258 |      0 |   4090 |   7 |  765.6 |
        Temple |     39 |      1 |     38 |      0 |      0 |   1 |   39.0 |
               +--------+--------+--------+--------+--------+-----+--------+

Top non-repeatable levels by time:
     D:5: 1091 daAuts
     D:2: 1010 daAuts
     D:4: 897 daAuts
     D:6: 804 daAuts
     D:1: 691 daAuts
     D:3: 601 daAuts
     D:7: 262 daAuts
  Temple: 39 daAuts
